← All builds
Air / Cortex / Economy first / OBSERVED BUILD

Standard air

Cortex Air build order · Supreme Isthmus

The usual Cortex air game: Aircraft Plant just after the start, Advanced Metal Extractor around 7 minutes and Fusion Reactor around 11 minutes, making transports and fighters for the team while scaling economy normally.

Usually transports first (72%)

#eco #team support #air · 555 distinct matches · 116 players · 79% of Cortex Air games · team won 47% of 624 · Recently observed

HOW TO PLAY IT

Key timing: Aircraft Plant by 1:23

  1. Take 3 mex and open straight into Aircraft Plant.
  2. Finish Aircraft Plant, start pumping Valiant for escort duty.
  3. Get T2 constructor going to scale eco alongside air production.
  4. Add Advanced Metal Extractor to keep pace with team's economy.
  5. Bring Fusion Reactor online, keep making Hercules and Finch for allies.

Phase by phase

TYPICAL OF ITS 555 GAMES
  1. 1
  2. 2
  3. 3
PLAY THE OPENING

Follow the example game's first 6:00 step by step: what to build now, what comes next, and where it goes. At 1× it keeps pace with your own game.

  1. 1

    Up to the Aircraft Plant

    Economy
    • Metal Extractor3Mex
    • Wind Turbine4Wind
    Order
    1. Aircraft PlantAircraft Plant after 3 mex, 4 winddone ~1:22, middle half 1:13–1:35

    Some games also: energy storage (38%)

    By 1:03 in all: 3 mex · 4 wind

    The example game in this phase · 6 steps
    1. Mex ×3
    2. Solar
    3. Mex
    4. Energy storage
    5. Wind ×2
    6. Aircraft PlantAircraft Plantdone 1:55 · typical 1:22
  2. 2

    Aircraft Plant to 5:00

    Economy
    • Metal Extractor1Mex
    • Wind Turbine9Wind
    • Wind Turbine3Wind
    Builders
    • Construction Turret2 Con turret
    • Construction Aircraft1 Con aircraft
    Army
    • Valiant5 Valiant
    • Finch2 Finch for allies
    • Hercules2 Light transport for allies
    • Hephaestus1 Heavy transport for allies
    • Shuriken1 Shuriken

    Some games also: energy storage (45%) · light transport (44%) · converter (39%) · con turret (33%)

    By 5:00 in all: 3 mex · 1 mex · 13 wind · 3 wind · 1 energy storage · 2 con turret

    The example game in this phase · 25 steps
    1. HerculesLight transportfor Geo sea
    2. FinchFinchfor Geo sea
    3. HephaestusHeavy transportfor Beach sea
    4. FinchFinchfor Beach sea
    5. FinchFinch
    6. ValiantValiant ×2
    7. Wind ×2
    8. HerculesLight transportfor Tech
    9. Con turret ×4
    10. Wind
    11. ShurikenShuriken
    12. Wind
    13. ShurikenShuriken
    14. Wind ×2
    15. ShurikenShuriken
    16. Wind
    17. ShurikenShuriken
    18. Wind
    19. ValiantValiant
    20. HerculesLight transport
    21. Wind
    22. HerculesLight transportfor Geo
    23. Wind
    24. ValiantValiant
    25. Wind
  3. 3

    5:00 to 10:00

    Economy
    • Wind Turbine20Wind
    • Wind Turbine5Wind
    • Energy Converter6Converter
    Order
    1. Aircraft PlantAircraft Plant after 18 wind, 17 wind, 6 converterin 58% of games
    Builders
    • Construction Turret4 Con turret
    Army
    • Valiant9 Valiant
    • Shuriken1 Shuriken

    Some games also: con aircraft (36%) · fusion (33%) · light transport (31%)

    By 10:00 in all: 3 mex · 1 mex · 24 wind · 20 wind · 8 converter · 1 energy storage

    The example game in this phase · 334 steps
    1. Wind ×3
    2. HerculesLight transport
    3. Wind
    4. ValiantValiant ×3
    5. Wind ×2
    6. ValiantValiant
    7. Wind
    8. Construction AircraftCon aircraft
    9. ValiantValiant
    10. Wind ×3
    11. Advanced Metal ExtractorT2 mexdone 6:40 · typical 6:50
    12. Wind ×4
    13. Advanced Metal ExtractorT2 mex
    14. HephaestusHeavy transportfor Tech
    15. Wind
    16. Advanced Metal ExtractorT2 mex ×2
    17. Bot LabBot Labdone 7:50
    18. Construction BotCon bot ×9
    19. Wind ×2
    20. Construction BotCon bot
    21. Wind ×3
    22. Construction BotCon bot
    23. Wind ×3
    24. Construction BotCon bot
    25. Wind ×2
    26. Construction BotCon bot
    27. Wind ×5
    28. Construction BotCon bot
    29. Wind ×3
    30. Construction BotCon bot
    31. Wind ×8
    32. Con turret
    33. Wind ×11
    34. Con turret
    35. Wind ×7
    36. Con turret
    37. Wind ×4
    38. Con turret
    39. Converter
    40. Wind ×5
    41. Aircraft PlantAircraft Plantdone 10:03
    42. Converter
    43. Wind ×5
    44. Converter
    45. Wind ×4
    46. Converter
    47. Wind ×5
    48. Converter
    49. Wind ×7
    50. Converter
    51. ValiantValiant
    52. Wind ×4
    53. Converter
    54. Wind
    55. ValiantValiant
    56. Wind
    57. Converter
    58. Wind ×3
    59. ValiantValiant
    60. Wind
    61. Converter
    62. Wind ×2
    63. Converter
    64. Wind ×2
    65. ValiantValiant
    66. Wind
    67. Converter
    68. Wind ×2
    69. Converter
    70. Wind
    71. ValiantValiant
    72. Wind
    73. Converter
    74. Wind ×2
    75. Converter
    76. Wind ×2
    77. Converter
    78. Wind ×3
    79. Converter
    80. Wind
    81. ValiantValiant
    82. Wind
    83. Converter
    84. Wind ×3
    85. Converter
    86. Wind ×2
    87. ValiantValiant
    88. Wind
    89. Converter
    90. Wind ×3
    91. Converter
    92. ValiantValiant
    93. Wind ×5
    94. Converter
    95. ValiantValiant
    96. Wind ×2
    97. Converter
    98. Wind
    99. ValiantValiant
    100. Wind
    101. Converter
    102. Wind ×2
    103. ValiantValiant
    104. Wind
    105. Converter
    106. ValiantValiant
    107. Converter
    108. Wind ×4
    109. ValiantValiant
    110. Wind
    111. Converter
    112. Wind ×3
    113. ValiantValiant
    114. Wind ×2
    115. Converter
    116. Wind
    117. ValiantValiant
    118. Converter
    119. Wind ×4
    120. ValiantValiant
    121. Converter
    122. Wind ×2
    123. ValiantValiant
    124. Con turret
    125. Converter
    126. Wind ×5
    127. Converter
    128. Con turret
    129. Wind ×2
    130. Converter
    131. Wind ×2
    132. Converter
    133. Wind
    134. Con turret
    135. ValiantValiant
    136. Wind ×2
    137. Converter
    138. Wind
    139. Con turret
    140. Wind
    141. Converter
    142. Wind ×3
    143. ValiantValiant
    144. Wind
    145. Converter
    146. Wind
    147. ValiantValiant
    148. Wind ×2
    149. ValiantValiant
    150. Converter
    151. Wind ×2
    152. ValiantValiant
    153. Converter
    154. Wind
    155. ValiantValiant
    156. Converter
    157. Wind ×2
    158. ValiantValiant
    159. Wind ×2
    160. ValiantValiant
    161. Con turret
    162. Wind
    163. Converter
    164. Wind ×2
    165. Con turret
    166. Wind
    167. ValiantValiant
    168. Converter
    169. Wind
    170. Con turret
    171. Wind ×2
    172. Converter
    173. Wind ×2
    174. ValiantValiant
    175. Wind
    176. ValiantValiant
    177. Wind
    178. ValiantValiant
    179. Wind
    180. ValiantValiant
    181. Wind ×2
    182. Converter
    183. ValiantValiant
    184. Con turret
    185. Wind ×3
    186. Con turret
    187. Converter
    188. Wind ×2
    189. Converter
    190. Con turret
    191. Wind ×5
    192. ValiantValiant ×2
    193. Wind ×2
    194. ValiantValiant
    195. Wind ×2
    196. ValiantValiant
    197. Wind
    198. ValiantValiant
    199. Wind
    200. ValiantValiant
    201. Converter
    202. Wind ×2
    203. ValiantValiant
    204. Wind ×2
    205. ValiantValiant
    206. Converter
    207. Wind ×3
    208. ValiantValiant
    209. Converter
    210. Wind ×2
    211. ValiantValiant
    212. Wind ×3
    213. Converter
    214. ValiantValiant
    215. Wind ×2
    216. Converter
    217. ValiantValiant
    218. Wind ×3
    219. ValiantValiant
    220. Converter
    221. Wind
    222. ValiantValiant
    223. Wind
    224. ValiantValiant
    225. Converter
    226. Wind ×2
    227. ValiantValiant
    228. Wind
    229. Converter
    230. Wind
    231. ValiantValiant
    232. Wind
    233. Converter
    234. ValiantValiant ×2
    235. Wind ×2
    236. ValiantValiant
    237. Wind ×2
    238. ValiantValiant
    239. Converter
    240. Wind
    241. ValiantValiant
    242. Wind
    243. ValiantValiant
    244. Wind
    245. Converter
    246. ValiantValiant
    247. Wind ×2
    248. ValiantValiant
    249. Converter
    250. Wind
    251. ValiantValiant
    252. Wind ×2
    253. ValiantValiant
    254. Wind
    255. ValiantValiant
    256. Converter
    257. Wind
    258. ValiantValiant
    259. Wind
    260. Converter
    261. ValiantValiant ×2
    262. Wind ×2
    263. Converter
    264. ValiantValiant
    265. Wind ×2
    266. ValiantValiant ×2
    267. Converter
    268. Wind
    269. ValiantValiant
    270. Wind
    271. ValiantValiant
    272. Wind
    273. Converter
    274. Wind
    275. ValiantValiant
    276. Wind
    277. ValiantValiant
    278. Wind
    279. ValiantValiant
    280. Converter
    281. Wind ×2
    282. ValiantValiant
    283. Wind ×2
    284. ValiantValiant
    285. Wind
    286. ValiantValiant
    287. Wind
    288. Converter
    289. ValiantValiant
    290. Wind
    291. ValiantValiant
    292. Converter
    293. Wind
    294. ValiantValiant
    295. Wind
    296. Converter
    297. ValiantValiant
    298. Wind
    299. ValiantValiant
    300. Wind ×2
    301. ValiantValiant
    302. Wind
    303. ValiantValiant
    304. Converter
    305. Wind
    306. ValiantValiant ×2
    307. Wind
    308. ValiantValiant
    309. Wind
    310. ValiantValiant
    311. Converter
    312. Wind
    313. ValiantValiant
    314. Wind
    315. ValiantValiant ×2
    316. Converter
    317. Wind ×2
    318. ValiantValiant
    319. Wind
    320. ValiantValiant
    321. Wind
    322. ValiantValiant
    323. Converter
    324. Wind
    325. ValiantValiant
    326. Wind
    327. Converter
    328. ValiantValiant
    329. Wind
    330. ValiantValiant
    331. Wind
    332. Converter
    333. ValiantValiant ×2
    334. Wind

Counts are medians over the build's games: half of them build more, half fewer. The example game is Crazydogg's (35 OS, 22/08/2026); pick another.

Team trades

IN AT LEAST 30% OF ITS GAMES

You hand over

  • Finch2 Finch to Geo sea or Beach seafirst at 1:51 · in 96% of games
  • Hercules3 Light transport to Tech or Geo sea or Geofirst at 2:06 · in 99% of games
  • Hephaestus1 Heavy transport to Beach sea or Pond or Techfirst at 2:26 · in 74% of games

You get

  • Wind Turbine3 Wind from Beach sea or Geo seafirst at 1:40 · in 64% of games
  • Wind Turbine3 Wind from Beach sea or Geo sea or Pondfirst at 1:44 · in 48% of games
  • Construction Bot1 Con bot from Techfirst at 2:20 · in 85% of games
  • Advanced Construction Bot1 T2 con bot from Techfirst at 6:03 · in 94% of games

How it plays out

Typical game of this build, running totals by minute

Metal produced

010k20k30k
0:005:0010:0015:00

metal

Enemy metal destroyed

01k2k3k
0:005:0010:0015:00

metal

Own metal lost

01k2k3k
0:005:0010:0015:00

metal

624 games.

Show as table
ByMetal produced: This buildEnemy metal destroyed: This buildOwn metal lost: This build
1:0039300
2:0092500
3:00145900
4:002053051
5:00276573109
6:003759125167
7:005136190219
8:007017225290
9:009298258342
10:0011788328471
11:0014383440641
12:0017097606958
13:00199439331269
14:002265314171801
15:002554320602701
WHAT THE NUMBERS SAY

This is the role's standard support job, winning less than half its games while producing little combat impact but reliably feeding transports and scouts to teammates.

  • + Reaches Aircraft Plant almost immediately (1:23), fast T2 constructor by 5:58.
  • + Keeps own losses low (2789 by 15:00) versus other roles.
  • − Destroys only 2027 enemy metal by 15:00, minimal combat contribution.
  • − Fusion Reactor only completes in 57% of games, some games stall on eco.
THE EXAMPLE YOU ARE READING

Crazydogg

35.4 OS · 22/08/2026

Open source match ↗

7 received units · includes a constructor
247 metal received · 31882 energy received

Allied construction assistance is unknown. Timings are observations, not a promise of solo reproducibility.

Typical milestones

Aircraft Plant1:22Middle 50%: 1:13–1:35 · n=624
Advanced Metal Extractor6:50Middle 50%: 6:21–7:26 · n=599
Fusion Reactor10:56Middle 50%: 10:03–12:16 · n=383

Played most by

DRM37games of this buildAdeus33games of this buildCentientWaffle32games of this buildNutzz28games of this buildImmort26games of this build